 Dungeon Crawl Stone Soup version 0.30.0-20-g3615ddf2f0 (webtiles) character file.

Game seed: 11075969063756734723

66 qw the Chopper (level 4, -3/28 HPs)
             Began as a Gargoyle Fighter on May 31, 2023.
             Slain by Sigmund
             ... wielding a +0 scythe
              (9 damage)
             ... on level 2 of the Dungeon.
             The game lasted 00:00:47 (1343 turns).

qw the Chopper (Gargoyle Fighter)                   Turns: 1343, Time: 00:00:47

Health: -3/28      AC: 10    Str: 21    XL:     4   Next: 15%
Magic:  4/4        EV:  9    Int:  9    God:
Gold:   49         SH:  4    Dex:  9    Spells: 3/3 levels left

rFire   . . .        Y - +0 war axe
rCold   . . .        c - +0 buckler
rNeg    + . .        b - +0 scale mail
rPois   inf          (no helmet)
rElec   +            (no cloak)
rCorr   .            (no gloves)
SInv    .            (no boots)
Will    .....        (no amulet) Stlth
                     (no ring)
HPRegen 0.24/turn    (no ring)
MPRegen 0.09/turn

%: no passive effects
@: no status effects
A: sickness immunity, AC +3, negative energy resistance 1, electricity
resistance, torment resistance 1, petrification resistance
a: no special abilities


You were on level 2 of the Dungeon.
You visited 1 branch of the dungeon, and saw 2 of its levels.

You collected 49 gold pieces.


Innate Abilities, Weirdness & Mutations

You are immune to sickness and miasma.
Your stone body is resilient. (AC +3)
You are immune to poison.
You resist negative energy. (rN+)
You are resistant to electric shocks. (rElec)
You are resistant to unholy torment.
You are immune to petrification.


   Skills:
 - Level 3.2 Fighting
 + Level 3.9 Axes
 - Level 3.2 Armour
 - Level 3.2 Shields


You had 3 spell levels left.
You didn't know any spells.
Your spell library was empty.

Inventory:

Hand Weapons
 a - a +3 vampiric whip
 Y - a +0 war axe (weapon)
Armour
 b - a +0 scale mail (worn)
 c - a +0 buckler (worn)
Potions
 d - 2 potions of might
 e - a potion of brilliance {unknown}
 f - a potion of magic {unknown}
 h - a potion of mutation {unknown}
 i - a potion of curing

Dungeon Overview and Level Annotations

Branches:
Dungeon (2/15)

Altars:

Annotations:
D:2 Sigmund


Message History

Enter note: You escape the roots grasp.
1332 ||| FLEEEEING.
Sigmund casts a spell at you.
The magic dart hits you but does no damage.
A quokka comes into view.
There is an open door here.
1333 ||| FLEEEEING.
Sigmund casts a spell.
Sigmund flickers and vanishes!
Deactivating autopickup; reactivate with Ctrl-A.
The quokka bites you but does no damage.
There is an open door here.
You closely miss the quokka.
The quokka bites you but does no damage.
You hear a zap.
The roots erupt in riotous growth!
The quokka is unaffected.
The grasping roots grab you!
You are constricted.
The quokka bites you but does no damage.
Something hits you.
You are constricted.
You barely miss the quokka.
The quokka bites you but does no damage.
The grasping roots release their grip on you.
You hit the quokka.
The quokka is almost dead.
The quokka bites you. Something completely misses you. The quokka bites you.
You closely miss the quokka.
The quokka is severely wounded.
Something hits you but does no damage. The quokka closely misses you.
You barely miss the quokka.
The quokka is severely wounded.
The quokka closely misses you. Something hits you. The quokka bites you.
You slash the quokka!
You kill the quokka!
You hear some strange, mumbled words.
Something tries to affect you, but you resist.
You swing at nothing.
Something hits you!
You die...

###### #.#
#.# #.#
###########.#
#...........#
#.###########
#.# #.# #@###
#...# ###'##
# #...#.#####
#..........
###########


There were no monsters in sight!

Vanquished Creatures
  An adder (D:2)
  2 worms (D:2)
  4 dart slugs (D:1)
  3 ball pythons
  3 bats (D:1)
  3 endoplasms (D:2)
  3 giant cockroaches (D:2)
  4 goblins
  2 hobgoblins (D:1)
  5 jackals (D:1)
  2 quokkas
  3 frilled lizards
  2 kobolds (D:1)
  5 rats
42 creatures vanquished.

Notes
Turn   | Place    | Note
-------+----------+-------------------------------------------
     0 | D:1      | qw the Gargoyle Fighter began the quest for the Orb.
     0 | D:1      | Reached XP level 1. HP: 14/14 MP: 1/1
     0 | D:1      | 0 ||| qw: Version: 0.2-a-102-gfc559e5
     0 | D:1      | 0 ||| qw: Game counter: 544
     0 | D:1      | 0 ||| qw: Always use a shield: true
     0 | D:1      | 0 ||| qw: God list: Okawaru
     0 | D:1      | 0 ||| qw: Allow faded altars: false
     0 | D:1      | 0 ||| qw: Do Orc after D:15 true
     0 | D:1      | 0 ||| qw: Do second Lair branch before Depths: true
     0 | D:1      | 0 ||| qw: Lair rune preference: random
     0 | D:1      | 0 ||| qw: Plans: Normal, Zot:1-4, Slime:5, God:TSO, Crypt,
                  | Tomb, Pan, Hells, Abyss, Win
     0 | D:1      | 0 ||| PLANNING D:1-11
    71 | D:1      | 71 ||| Stepping ~*~*~tactically~*~*~ (stealth).
    82 | D:1      | 82 ||| Stepping ~*~*~tactically~*~*~ (stealth).
   143 | D:1      | Reached XP level 2. HP: 19/19 MP: 2/2
   161 | D:1      | 161 ||| DROPPING +0 club.
   184 | D:1      | 184 ||| Stepping ~*~*~tactically~*~*~ (stealth).
   230 | D:1      | Reached skill level 3 in Axes
   308 | D:1      | 308 ||| Stepping ~*~*~tactically~*~*~ (stealth).
   320 | D:1      | Reached XP level 3. HP: 21/23 MP: 3/3
   481 | D:1      | 481 ||| Stepping ~*~*~tactically~*~*~ (hiding).
   782 | D:1      | 782 ||| READING 2 scrolls labelled HYTEGULOXI.
   783 | D:1      | 783 ||| READING scroll labelled ISODYZI LYURGHA.
   784 | D:1      | 784 ||| DRINKING 2 bubbling white potions.
   785 | D:1      | 785 ||| DROPPING scroll of noise.
   828 | D:2      | 828 ||| DROPPING +0 whip.
   891 | D:2      | 891 ||| Stepping ~*~*~tactically~*~*~ (stealth).
  1080 | D:2      | Reached XP level 4. HP: 28/28 MP: 4/4
  1328 | D:2      | Noticed Sigmund
  1330 | D:2      | 1330 ||| READING scroll labelled USOULE RUIJO.
  1332 | D:2      | 1332 ||| FLEEEEING.
  1333 | D:2      | 1333 ||| FLEEEEING.
  1337 | D:2      | HP: 7/28 [quokka (1)]
  1343 | D:2      | Slain by Sigmund

Levels and vault maps discovered:
D:1:      dpeg_arrival_rhombi, layout_basic, item_on_display_a
D:2:      layout_basic, st_stairs_1, uniq_crazy_yiuf_cottage, uniq_sigmund

Skill      XL: |  1  2 |
---------------+-------+-----
Axes           | 2 3 |  3.9
Fighting       | |  3.2
Armour         | |  3.2
Shields        | |  3.2

Action                     |  1- 3 |  4- 6 || total
---------------------------+-------+-------++-------
  Melee: War axe           |    99 |    19 ||   118
    Use: Scroll            |     2 |     1 ||     3
         Potion            |     1 |       ||     1
 Armour: Scale mail        |    60 |     9 ||    69
  Dodge: Dodged            |    55 |     9 ||    64
  Block: Buckler           |    16 |     3 ||    19

Table legend:
 A = Non-vault XP
 B = Vault XP
 C = Vault XP percentage of total XP
 D = Non-vault monster count
 E = Vault monster count
 F = Vault count percentage of total count
                 A         B        C        D         E       F
            +---------+---------+-------+---------+---------+-------
      Total |      89 |       6 |   6.3 |      39 |       3 |   7.1
            +---------+---------+-------+---------+---------+-------
        D:1 |      52 |       0 |   0.0 |      27 |       0 |   0.0
        D:2 |      37 |       6 |  14.0 |      12 |       3 |  20.0
            +---------+---------+-------+---------+---------+-------
